 Dungeon Sprint DCSS version 0.18-a0-993-g4a3b7c7 (webtiles) character file.

7011 pipel the Severer (level 10, -7/109 HPs)
             Began as a Deep Dwarf Berserker on Jan 4, 2016.
             Was a High Priest of Trog.
             Killed from afar by a naga mage (20 damage)
             ... with a bolt of poison
             ... in the Dungeon (Sprint VII: "The Pits").
             The game lasted 00:09:08 (535 turns).

pipel the Severer (Deep Dwarf Berserker)             Turns: 535, Time: 00:09:08

Health: -7/109     AC:  4    Str: 24    XL:     10   Next: 82%
Magic:  10/10      EV: 12    Int:  8    God:    Trog [*****.]
Gold:   0          SH:  0    Dex: 12    Spells: 0 memorised, 9 levels left

rFire  . . .     SeeInvis .     u - +1 broad axe (freeze)
rCold  . . .     Gourm    .     w - +4 chain mail
rNeg   . . .     Faith    .     (no shield)
rPois  .         Spirit   .     v - +0 helmet
rElec  .         Dismiss  .     (no cloak)
rCorr  .         Reflect  .     (no gloves)
SustAt .         Harm     .     (no boots)
MR     +++..     NoTele   +     (no amulet)
Stlth  ..........               (no ring)
                                (no ring)

@: lethally poisoned (-7 -> -19), exhausted, corroded equipment,
non-regenerating, slowed, constricted, very slow, extremely resistant to hostile
enchantments, extremely unstealthy
A: damage resistance, recharge devices, sense surroundings 2, slow regeneration
3
a: Device Recharging, Berserk, Trog's Hand, Brothers in Arms, Burn Spellbooks,
Renounce Religion


You were in the Dungeon.
You worshipped Trog.
Trog was extremely pleased with you.
You were not hungry.

You visited 1 branch

Inventory:

Hand Weapons
 a - a +0 hand axe
 k - a +2 hand axe
 u - a +1 broad axe of freezing (weapon)
 y - a +3 war axe of distortion
Armour
 b - a +0 animal skin
 v - a +0 helmet (worn)
 w - a +4 chain mail (worn)
Jewellery
 r - a +3 ring of dexterity
 s - a +3 ring of strength
Wands
 c - a wand of heal wounds (1/9)
Scrolls
 j - a scroll of blinking
 o - 3 scrolls of remove curse
 p - a scroll of summoning
Potions
 e - 2 potions of curing
 f - 8 potions of heal wounds
 g - a potion of haste
 h - 4 potions of magic
 i - 3 potions of berserk rage
 n - 2 potions of invisibility
 q - 3 potions of brilliance
 t - a potion of cure mutation
Comestibles
 d - 12 bread rations
 l - 40 fruits
 m - 6 meat rations
 x - 4 chunks of flesh


   Skills:
 + Level 12.7 Fighting
 + Level 16.1 Axes
 + Level 9.6 Armour
 + Level 14.9 Dodging
 - Level 1.8 Stealth
 + Level 0.3 Evocations


You had 9 spell levels left.
You didn't know any spells.

Dungeon Overview and Level Annotations

Branches:
Dungeon (1/1)

Altars:


Innate Abilities, Weirdness & Mutations

You are resistant to damage.
You can recharge devices by infusing magical energy.
You passively map the area around you.
You do not regenerate naturally.


Message History

The naga mage gestures at you while chanting.
The bolt of poison hits you!
You are more poisoned.
* * * LOW HITPOINT WARNING * * *
x2 The naga mage constricts you.
The naga mage casts a spell at you. The poison arrow misses you.
* * * LOW HITPOINT WARNING * * *
The naga mage constricts you.
The naga hits you from afar with a halberd!
* * * LOW HITPOINT WARNING * * *
You take 20 damage, and have 14/109 hp.
Unknown command.
You closely miss the naga mage.
The naga mage is severely wounded.
You feel sick.
The naga mage points at you and mumbles some strange words.
The bolt of poison hits you!
You are more poisoned.
You die...

, +..........# ,
+..........# , ,,
,*#..#....#..# ,*+ +*
, #..........+ , , * *
#..........+ , , ,
###''####''# * * ,
*###''####''#########
** *
#......##(..†.N.....,,
, ,
#.#'##.##...@N...... ,
#.#||+.##..#########*
+ , #.+.)#.##..# * , ,
* * #.#..'.##..# * *
#####.+))#.##..# , , *
#..##.##(#.##..# * * *
#..##...().##.)# ,+ ,
, '..##########..# *
,, , ,
'..##########..# , ,,
,


You could see a naga mage and a naga.

Vanquished Creatures
  A deep elf master archer (D)
  A fire giant (D)
  A mottled draconian (D)
  A merfolk avatar (D)
  A death knight (D)
  A rust devil (D)
  Psyche (D)
  An efreet (D)
  A snapping turtle (D)
  A hippogriff (D)
  A steam dragon (D)
  An insubstantial wisp (D)
  Purgy (D)
  A wasp (D)
  A necrophage (D)
  2 big kobolds (D)
  2 scorpions (D)
  A gnoll shaman (D)
  An orc wizard (D)
  6 sheep (D)
  5 gnolls (D)
  An ufetubus (D)
  An ooze (D)
  3 orcs (D)
37 creatures vanquished.

Vanquished Creatures (collateral kills)
  A naga sharpshooter (D)
  An insubstantial wisp (D)
  A porcupine (D)
  A sky beast (D)
  A gnoll (D)
5 creatures vanquished.

Vanquished Creatures (others)
  A sheep (D)
1 creature vanquished.

Grand Total: 43 creatures vanquished

Notes
Turn   | Place    | Note
--------------------------------------------------------------
     0 | D        | pipel the Deep Dwarf Berserker began the quest for the Orb.
     0 | D        | Reached XP level 1. HP: 20/20 MP: 1/1
    13 | D        | Reached skill level 4 in Axes
    57 | D        | Noticed a big kobold
    57 | D        | Noticed a big kobold
    57 | D        | Noticed Purgy
    60 | D        | Noticed a scorpion
    73 | D        | Reached XP level 2. HP: 13/28 MP: 2/2
    83 | D        | Killed a big kobold
    83 | D        | Reached ** piety under Trog
    83 | D        | Reached skill level 5 in Fighting
    83 | D        | Reached skill level 6 in Axes
    83 | D        | Reached XP level 3. HP: 22/39 MP: 3/3
    83 | D        | Reached XP level 4. HP: 26/46 MP: 4/4
    90 | D        | Killed Purgy
    90 | D        | Reached skill level 7 in Axes
    90 | D        | Reached XP level 5. HP: 26/56 MP: 5/5
   104 | D        | Reached skill level 8 in Axes
   108 | D        | Noticed a necrophage
   129 | D        | Killed a necrophage
   129 | D        | Reached XP level 6. HP: 63/67 MP: 6/6
   152 | D        | Reached skill level 9 in Axes
   175 | D        | Reached *** piety under Trog
   179 | D        | Noticed a hippogriff
   187 | D        | Killed a hippogriff
   187 | D        | Reached skill level 10 in Axes
   187 | D        | Reached XP level 7. HP: 75/75 MP: 7/7
   220 | D        | Reached **** piety under Trog
   252 | D        | Noticed Psyche
   255 | D        | Killed Psyche
   255 | D        | Reached skill level 10 in Dodging
   264 | D        | Reached ***** piety under Trog
   265 | D        | Reached skill level 11 in Dodging
   267 | D        | Received a gift from Trog
   382 | D        | Noticed a steam dragon
   396 | D        | Killed a steam dragon
   396 | D        | Reached XP level 8. HP: 60/85 MP: 8/8
   400 | D        | Received a gift from Trog
   411 | D        | Noticed a snapping turtle
   411 | D        | Noticed a merfolk avatar
   411 | D        | Noticed an efreet
   418 | D        | Killed a merfolk avatar
   418 | D        | Reached skill level 10 in Fighting
   418 | D        | Reached skill level 12 in Axes
   418 | D        | Reached skill level 5 in Armour
   420 | D        | Killed an efreet
   420 | D        | Gained mutation: You passively map the area around you. [Deep Dwarf growth]
   420 | D        | Reached XP level 9. HP: 62/94 MP: 9/9
   423 | D        | Reached skill level 13 in Dodging
   480 | D        | Noticed a rust devil
   480 | D        | Noticed a mottled draconian
   480 | D        | Noticed a deep elf master archer
   480 | D        | Noticed a fire giant
   480 | D        | Noticed a death knight
   486 | D        | Killed a fire giant
   486 | D        | Reached skill level 1 in Stealth
   489 | D        | Killed a death knight
   489 | D        | Reached skill level 14 in Axes
   492 | D        | Killed a deep elf master archer
   492 | D        | Reached skill level 15 in Axes
   492 | D        | Reached XP level 10. HP: 94/106 MP: 10/10
   501 | D        | Killed a mottled draconian
   501 | D        | Killed a rust devil
   501 | D        | Received a gift from Trog
   522 | D        | Noticed a naga sharpshooter
   523 | D        | Noticed a naga mage
   525 | D        | Reached skill level 16 in Axes
   527 | D        | Killed a naga sharpshooter
   535 | D        | Killed from afar by a naga mage

Vault maps used:
D:        pitsprint

Action                   |  1- 3 |  4- 6 |  7- 9 | 10-12 || total
-------------------------+-------+-------+-------+-------++-------
Melee: Hand axe          |    18 |    52 |    42 |       ||   112
       Broad axe         |       |       |    31 |    16 ||    47
Invok: Berserk           |     1 |     2 |     3 |       ||     6
       Trog's Hand       |       |     5 |     6 |     1 ||    12
       Brothers in Arms  |       |       |     4 |     1 ||     5
Evoke: Wand              |       |       |       |     4 ||     4
  Use: Potion            |       |     1 |       |       ||     1
  Eat: Chunk             |       |       |     3 |       ||     3
       Meat ration       |       |       |     1 |       ||     1
